 Dungeon Crawl Stone Soup version 0.29.0-5-ge4962eb29e (webtiles) character file.

Game seed: 12624276415711963878

6892 voltaire321 the Nimble (level 11, 0/86 HPs)
             Began as a Merfolk Artificer on Aug 28, 2022.
             Was a Believer of Wu Jian.
             Slain by a vampire (1 damage)
             ... on level 9 of the Dungeon on Aug 29, 2022.
             The game lasted 00:36:50 (12122 turns).

voltaire321 the Nimble (Merfolk Artificer)         Turns: 12122, Time: 00:36:50

Health: 0/86       AC: 18    Str: 13    XL:     11   Next: 6%
Magic:  11/11      EV: 10    Int: 11    God:    Wu Jian [**....]
Gold:   998        SH:  0    Dex: 18    Spells: 10/10 levels left

rFire   . . .      SeeInvis .   n - +3 short sword (vamp)
rCold   + . .      Faith    .   (no shield)
rNeg    . . .      Spirit   .   H - +0 chain mail {rPois}
rPois   +          Reflect  +   v - +0 helmet
rElec   .          Harm     .   o - +1 cloak
rCorr   .          Rampage  .   (no gloves)
Will    .....                   x - +0 pair of boots
Stlth   ..........              z - amulet of reflection
HPRegen 0.24/turn               i - +4 ring of protection
MPRegen 0.12/turn               F - ring of protection from cold

@: confused
A: (nimble swimmer 2), mertail
a: Renounce Religion, Wall Jump


You were on level 9 of the Dungeon.
You worshipped Wu Jian.
Wu Jian was pleased with you.
You visited 2 branches of the dungeon, and saw 10 of its levels.
You also visited: Sewer and Bailey.

You collected 998 gold pieces.

Inventory:

Hand Weapons
 g - a +3 dagger of freezing
 n - a +3 vampiric short sword (weapon)
 y - a +0 long sword
 A - a +0 rapier
Missiles
 k - 15 boomerangs (quivered)
 G - 12 poisoned darts
 K - 3 curare-tipped darts
Armour
 o - a +1 cloak (worn)
 v - a +0 helmet (worn)
 x - a +0 pair of boots (worn)
 H - a +0 chain mail of poison resistance (worn)
Jewellery
 c - a ring of ice
 i - a +4 ring of protection (left hand)
 z - an amulet of reflection (around neck)
 D - a ring of ice
 F - a ring of protection from cold (right hand)
 I - a ring of wizardry
 J - a ring of flight
Wands
 d - a wand of charming (11)
 u - a wand of digging (2)
 w - a wand of polymorph (6)
Scrolls
 a - 3 scrolls of identify
 e - a scroll of immolation {unknown}
 j - 2 scrolls of teleportation
 p - a scroll of blinking
 r - 2 scrolls of enchant armour
 s - a scroll of enchant weapon
Potions
 f - 2 potions of lignification
 l - a potion of ambrosia
 m - 2 potions of mutation
 q - a potion of haste
 t - 8 potions of flight
 B - a potion of invisibility
 C - a potion of resistance
 E - a potion of might


   Skills:
 + Level 8.2 Fighting
 + Level 1.0 Throwing
 + Level 5.6 Armour
 + Level 10.1 Dodging
 + Level 8.6 Stealth
 + Level 8.1 Evocations


You had 10 spell levels left.
You didn't know any spells.
Your spell library contained the following spells:

 Spells                   Type           Power      Damage    Failure   Level
 Shock                    Conj/Air       0%         1d3       100%        1
 Blink                    Tloc           0%         N/A       100%        2
 Static Discharge         Conj/Air       0%         3-3/arc   100%        2
 Dazzling Flash           Conj/Hex       0%         N/A       100%        3
 Gell's Gravitas          Tloc           0%         N/A       100%        3
 Lesser Beckoning         Tloc           0%         N/A       100%        3
 Portal Projectile        Hex/Tloc       0%         N/A       100%        3
 Spider Form              Tmut/Pois      0%         N/A       100%        3
 Stone Arrow              Conj/Erth      0%         3d7       100%        3
 Summon Guardian Golem    Hex/Summ       0%         N/A       100%        3
 Swiftness                Air            0%         N/A       100%        3
 Teleport Other           Tloc           0%         N/A       100%        3
 Tukima's Dance           Hex            0%         N/A       100%        3
 Airstrike                Air            0%         2d(0-16)  100%        4
 Animate Armour           Summ/Erth      0%         N/A       100%        4
 Corpse Rot               Necr/Pois/Air  0%         N/A       100%        4
 Dispel Undead            Necr           0%         3d6       100%        4
 Fulminant Prism          Conj/Hex       0%         3d6       100%        4
 Sticky Flame             Conj/Fire      0%         2d3       100%        4
 Blade Hands              Tmut           0%         N/A       100%        5
 Manifold Assault         Tloc           0%         N/A       100%        5
 Dispersal                Tloc           0%         N/A       100%        6
 Lehudib's Crystal Spear  Conj/Erth      0%         10d2      100%        8


Dungeon Overview and Level Annotations

Branches:
Dungeon (9/15)             Temple (1/1) D:5           Sewer (visited)
 Bailey (visited)
   Lair: D:8-11         Orc: D:9-12

Altars:
Ashenzari
Cheibriados
Dithmenos
Elyvilon
Fedhas
Gozag
Hepliaklqana
Kikubaaqudgha
Makhleb
Nemelex Xobeh
Okawaru
Qazlal
Ru
Sif Muna
Trog
Uskayaw
Vehumet
Wu Jian
Xom
Yredelemnul
Zin

Shops:
D:6 :


Innate Abilities, Weirdness & Mutations

((You are very nimble when in or above water. (Stealth+, EV+, Speed+++)))
Your lower body shifts to a powerful aquatic tail in water.


Message History

You drop a +0 leather armour.
Something hits you! Something bites you but does no damage.
Something hits you but does no damage. Something bites you.
Something draws strength from your injuries!
You hit something but do no damage. Something hits you but does no damage.
Something bites you but does no damage.
You closely miss something. You closely miss something.
Something hits you but does no damage. Something bites you but does no damage.
You barely miss something. You closely miss something.
Something wonders, "What am I doing in here?"
Something hits you but does no damage. Something bites you but does no damage.
You hit something. Something hits you but does no damage.
Something bites you but does no damage. Something hits you but does no damage.
Something bites you.
Something draws strength from your injuries!
You barely miss something. You hit something but do no damage.
Something hits you! Something bites you but does no damage.
You hit something.
Something laughs crazily.
Something hits you.
* * * LOW HITPOINT WARNING * * *
You block something's attack.
You barely miss something.
You hear some strange, mumbled words.
You are confused.
You bump into the rock wall.
Something draws life force from you!
* * * LOW HITPOINT WARNING * * *
You bump into the rock wall.
Something hits you but does no damage. Something bites you!
* * * LOW HITPOINT WARNING * * *
Something draws strength from your injuries!
You hit something. Something draws life force from you.
* * * LOW HITPOINT WARNING * * *
You're too confused to move!
Something hits you.
* * * LOW HITPOINT WARNING * * *
Something bites you.
You die...

.#..#.####.. ...........# #
#..........# .# #..........#
.. #..........## #. .. ...
#...........### #..# ....
#.............####.####....
......)....##.{{@>.........
.....)∩).......##.#.......
#.#...)......####......#
.............#####.....######
...#.....)...#...)..........#
...#.####[)$[$?.............#
............(######.........#
.......####..# #.........#
...### .....####..###.....#


There were no monsters in sight!

Vanquished Creatures
  A two-headed ogre (D:8)
  2 kobold demonologists
  Prince Ribbit (D:7)
  Sigmund (D:5)
  Eustachio (D:5)
  4 wyverns
  An acid dragon (D:9)
  4 water moccasins
  3 black bears (D:5)
  6 orc warriors
  A sky beast (D:8)
  2 ice beasts
  4 centaurs
  2 phantoms
  4 bullfrogs
  3 kobold brigands
  A necrophage (D:4)
  A gnoll sergeant (D:9)
  4 scorpions
  4 wights (D:7)
  8 killer bees
  2 howler monkeys
  A jelly (D:6)
  6 hounds
  4 orc priests
  Jessica (D:3)
  6 iguanas
  3 orc wizards
  7 gnolls
  11 adders
  8 river rats
  A shadow imp (D:5)
  2 white imps
  10 worms
  3 dart slugs
  32 orcs
  11 bats
  9 endoplasms
  6 giant cockroaches
  12 goblins
  9 hobgoblins
  11 jackals
  32 kobolds
  3 quokkas
  12 ball pythons
  5 frilled lizards
  5 rats
270 creatures vanquished.

Vanquished Creatures (collateral kills)
  A gnoll (Bailey)
  An orc (Bailey)
  A goblin (Bailey)
  A hobgoblin (Bailey)
4 creatures vanquished.

Vanquished Creatures (others)
  An orc warrior (Bailey)
  A kobold brigand (D:8)
  A gnoll (D:9)
3 creatures vanquished.

Grand Total: 277 creatures vanquished

Notes
Turn   | Place    | Note
-------+----------+-------------------------------------------
     0 | D:1      | voltaire321 the Merfolk Artificer began the quest for the
                  | Orb.
     0 | D:1      | Reached XP level 1. HP: 15/15 MP: 1/1
    58 | D:1      | Reached skill level 3 in Dodging
    58 | D:1      | Reached XP level 2. HP: 12/21 MP: 2/2
   315 | D:1      | Reached skill level 1 in Armour
   785 | D:2      | Reached XP level 3. HP: 21/27 MP: 3/3
   789 | D:2      | Got the Writings on Baleful Intoxication
  1139 | D:2      | Reached XP level 4. HP: 25/33 MP: 4/4
  1547 | D:3      | Noticed Jessica
  1555 | D:3      | Killed Jessica
  1706 | D:3      | Reached skill level 4 in Dodging
  1772 | D:3      | Reached XP level 5. HP: 39/39 MP: 5/5
  2599 | D:4      | Noticed a phantom
  2645 | D:4      | Killed a phantom
  2646 | D:4      | Reached XP level 6. HP: 36/47 MP: 6/6
  3031 | D:4      | Reached skill level 5 in Dodging
  3031 | D:4      | Reached XP level 7. HP: 41/52 MP: 7/7
  3763 | D:5      | Entered Level 5 of the Dungeon
  3840 | D:5      | Noticed a wyvern
  3857 | D:5      | Killed a wyvern
  3920 | D:5      | Reached skill level 5 in Evocations
  3920 | D:5      | Reached XP level 8. HP: 8/61 MP: 8/8
  3930 | D:5      | Reached skill level 6 in Dodging
  3998 | D:5      | Found a glowing drain.
  4006 | Sewer    | Entered a sewer
  4721 | D:5      | Noticed Sigmund
  4738 | D:5      | Killed Sigmund
  4739 | D:5      | Reached skill level 5 in Fighting
  4739 | D:5      | Reached skill level 5 in Stealth
  4847 | D:5      | Noticed Eustachio
  5192 | D:5      | Found a staircase to the Ecumenical Temple.
  5198 | Temple   | Entered the Ecumenical Temple
  5299 | Temple   | Became a worshipper of the Wu Jian Council
  5525 | D:5      | Killed Eustachio
  5526 | D:5      | Reached skill level 7 in Dodging
  5832 | D:6      | Reached XP level 9. HP: 60/68 MP: 9/9
  6902 | D:6      | Found Tanwasei's Tremendous Tomes.
  7205 | D:7      | Reached * piety under Wu Jian
  7239 | D:7      | Found a burning altar of Makhleb.
  7295 | D:7      | Reached skill level 8 in Dodging
  7513 | D:7      | Noticed Prince Ribbit
  7545 | D:7      | Killed Prince Ribbit
  8232 | D:7      | Reached XP level 10. HP: 34/77 MP: 10/10
  8990 | D:7      | Reached skill level 9 in Dodging
  9233 | D:8      | Noticed a two-headed ogre
  9310 | D:8      | Reached skill level 5 in Armour
  9576 | D:8      | Reached ** piety under Wu Jian
 10125 | D:8      | Found a shadowy altar of Dithmenos.
 10194 | D:8      | Killed a two-headed ogre
 10611 | D:8      | Found a hazy altar of Hepliaklqana.
 10890 | D:9      | Noticed a kobold demonologist
 10890 | D:9      | Noticed a kobold demonologist
 10900 | D:8      | Killed a kobold demonologist
 10932 | D:8      | HP: 4/80 [poisoned by an orc]
 10933 | D:8      | HP: 1/80 [orc warrior/boomerang (2)]
 11002 | D:9      | Found a flagged portal.
 11085 | D:9      | Killed a kobold demonologist
 11087 | D:9      | Reached skill level 10 in Dodging
 11098 | Bailey   | Entered a bailey
 11277 | Bailey   | Reached XP level 11. HP: 76/86 MP: 11/11
 11732 | Bailey   | Reached *** piety under Wu Jian
 11753 | Bailey   | Reached skill level 1 in Throwing
 12045 | Bailey   | Got the Papyrus of Blight and Execration
 12121 | D:9      | HP: 3/86 [something (5)]
 12122 | D:9      | HP: 1/86 [something (2)]
 12122 | D:9      | Slain by a vampire

Illustrated notes

Levels and vault maps discovered:
D:1:      minmay_arrival_radiant_lines, layout_rooms, serial_rivers,
          chequers_serial_rivers_room_a, chequers_serial_rivers_marsh,
          chequers_serial_rivers_room_b, chequers_serial_rivers_large_b,
          chequers_serial_rivers_micro_a, chequers_serial_rivers_small_3,
          wad_floor_pattern_untrapped
D:2:      cheibrodos_old_hovel, layout_basic
D:3:      layout_basic, hangedman_decor_peaks_small, st_stairs_12, uniq_jessica
D:4:      kennysheep_big_flooded_room, layout_basic
D:5:      layout_rooms, minmay_temple_entry_fiery, lightli_sewer_entry_pipes,
          st_stairs_3, uniq_sigmund, uniq_eustachio
D:6:      layout_gridville, nicolae_shop_i_like_big_books
D:7:      layout_basic, pf_just_have_faith, uniq_prince_ribbit1
D:8:      layout_cave_pods, mainiacjoe_overflow_alcove_1,
          nzn_hepliaklqana_mist_gate
D:9:      layout_rooms, enter_bailey_2, minmay_misc_feat_encased
Temple:   regret_index_temple_chain_breaker

Skill      XL: |  1  2  3  4  5  6  7  8  9 10 11 |
---------------+----------------------------------+-----
Dodging        | 3 4 5 7 8 10 | 10.1
Armour         | 1 2 3 4 5 |  5.6
Fighting       | 2 3 4 5 6 8 |  8.2
Stealth        | 2 3 4 5 7 8 |  8.6
Evocations     | 4 5 6 8 |  8.1
Throwing       | 1 |  1.0

Action                   |  1- 3 |  4- 6 |  7- 9 | 10-12 || total
-------------------------+-------+-------+-------+-------++-------
Melee: Dagger            |    33 |       |       |       ||    33
       Club              |     1 |       |       |       ||     1
       Short sword       |    67 |   205 |   719 |   495 ||  1486
       Punch             |       |     2 |     8 |     9 ||    19
       Tailslap          |       |       |    10 |     4 ||    14
       Unarmed           |       |       |       |    10 ||    10
Throw: Dart              |       |       |       |    20 ||    20
       Boomerang         |       |       |       |     7 ||     7
Invok: Lunge             |       |       |    15 |    11 ||    26
       Whirlwind         |       |       |     1 |    11 ||    12
Evoke: Wand              |       |       |    19 |    17 ||    36
  Use: Scroll            |       |       |    14 |     6 ||    20
       Potion            |       |       |     2 |     5 ||     7
 Stab: Sleeping          |     1 |     5 |    18 |     3 ||    27
       Distracted        |       |       |     1 |     1 ||     2
       Invisible         |       |       |       |     1 ||     1
Armor: Leather armour    |    42 |    69 |   279 |    95 ||   485
       Skin              |       |       |     9 |     1 ||    10
       Chain mail        |       |       |       |   213 ||   213
Dodge: Dodged            |    76 |   135 |   597 |   398 ||  1206
Block: Other             |       |    26 |   216 |   144 ||   386
       Reflection        |       |       |     1 |     4 ||     5
